 Dungeon Crawl Stone Soup version 0.29.0-4-gdea44cf6ec (webtiles) character file.

Game seed: 4907958950955049535

4272 qw the Grappler (level 10, -6/92 HPs)
             Began as a Troll Cinder Acolyte on Sept 1, 2022.
             Was a Priest of Ignis.
             Mangled by a two-headed ogre
             ... wielding a +0 giant club
              (12 damage)
             ... on level 9 of the Dungeon.
             The game lasted 00:04:18 (8419 turns).

qw the Grappler (Troll Cinder Acolyte)              Turns: 8419, Time: 00:04:18

Health: -6/92      AC: 15    Str: 26 (28) XL:     10   Next: 10%
Magic:  10/10      EV:  8    Int:  9 (10) God:    Ignis [***...]
Gold:   1755       SH: 10    Dex:  2 (5)  Spells: 11/11 levels left

rFire   + . .      SeeInvis .     - Unarmed
rCold   . . .      Faith    .   o - +2 kite shield {reflect}
rNeg    + . .      Spirit   .   r - +0 steam dragon scales
rPois   .          Reflect  +   (helmet restricted)
rElec   .          Harm     .   l - +0 cloak
rCorr   +          Rampage  .   (gloves unavailable)
Will    .....                   (boots unavailable)
Stlth   +.........              (no amulet)
HPRegen 1.05/turn               n - ring of resist corrosion
MPRegen 0.12/turn               k - ring of positive energy

@: about to teleport, fiery-armoured
A: large, unfitting armour, claws 3, regeneration 1, shaggy fur 1, tough skin 1
a: Renounce Religion, Fiery Armour, Foxfire Swarm, Rising Flame


You were on level 9 of the Dungeon.
You worshipped Ignis.
Ignis was most pleased with you.
You visited 1 branch of the dungeon, and saw 9 of its levels.

You collected 1935 gold pieces.
You spent 180 gold pieces at shops.


Innate Abilities, Weirdness & Mutations

You are too large for most types of armour.
You have claws for hands.
Your natural rate of healing is unusually fast.
You are covered in fur. (AC +1)
You have tough skin. (AC +1)


   Skills:
 - Level 4.1 Fighting
 - Level 1.7 Throwing
 - Level 1.5 Armour
 - Level 1.2 Dodging
 - Level 8.1 Shields
 + Level 10.8 Unarmed Combat
 - Level 1.0 Spellcasting
 - Level 2.1 Fire Magic


You had 11 spell levels left.
You didn't know any spells.
Your spell library contained the following spells:

 Spells                   Type           Power      Damage    Failure   Level
 Scorch                   Fire           8%         2d5       41%         2

Inventory:

Missiles
 f - a boomerang (quivered)
Armour
 l - a +0 cloak (worn)
 o - a +2 kite shield of reflection (worn)
 r - +0 steam dragon scales (worn)
Jewellery
 i - a ring of ice
 k - a ring of positive energy (right claw)
 n - a ring of resist corrosion (left claw)
Scrolls
 g - 3 scrolls of identify
Potions
 b - a potion of haste
 c - 2 potions of might
 d - a potion of heal wounds
 e - 2 potions of curing
 j - 2 potions of resistance
 q - a potion of cancellation

Dungeon Overview and Level Annotations

Branches:
Dungeon (9/15)             Temple (0/1) D:6
   Lair: D:8-11         Orc: D:9-12

Altars:
Dithmenos
Gozag
Kikubaaqudgha
Okawaru
Wu Jian
The Shining One

Shops:
D:4 :   D:6 [

Annotations:
D:5 2 transporters
D:6 1 runed translucent door, qw's ghost, novice TrCA
D:7 1 runed translucent door, qw's ghost, novice TrCA


Message History

The orc hits you but does no damage.
You barely miss the orc. The orc barely misses you.
You claw the orc!
You kill the orc!
You start resting.
HP restored.
Things that are here:
a +0 trident; a +0 chain mail A two-headed ogre comes into view.
It is wielding two +0 giant clubs.
The two-headed ogre shouts in stereo!
You closely miss the two-headed ogre.
The two-headed ogre hits you with a +0 giant club!!
The two-headed ogre hits you with a +0 giant club!
You barely miss the two-headed ogre. You mangle the two-headed ogre!!
The two-headed ogre is heavily wounded.
You block the two-headed ogre's attack.
The two-headed ogre hits you with a +0 giant club!!
8416 ||| INVOKING Fiery Armour.
A protective cloak of flame settles atop you.
The two-headed ogre hits you with a +0 giant club!
The two-headed ogre is burned by your cloak of flames.
The two-headed ogre is heavily wounded.
The two-headed ogre barely misses you.
You scratch the two-headed ogre.
The two-headed ogre is heavily wounded.
You barely miss the two-headed ogre.
The two-headed ogre is heavily wounded.
The two-headed ogre hits you with a +0 giant club!!
The two-headed ogre is burned by your cloak of flames.
The two-headed ogre is severely wounded.
The two-headed ogre hits you with a +0 giant club!
The two-headed ogre is burned by your cloak of flames.
The two-headed ogre is severely wounded.
8419 ||| READING scroll of teleportation.
As you read the scroll of teleportation, it crumbles to dust.
You feel strangely unstable.
The two-headed ogre hits you with a +0 giant club!
You die...

#.......#...#
#.......#####
#.......# #.......#
#.......# #.......#
#+# #####'###
###..# #..# #.O.#
##.# #@# #.# #.#
####'### ###.####
#......# #......#
#......# #......#
#......# #......###
#......###
#)).......#
#......'.#
#.)....##.#
#..##'##.###......#
.


You could see a two-headed ogre.

Vanquished Creatures
  3 kobold demonologists
  A shadow (D:8)
  2 wyverns
  Eustachio (D:6)
  A steam dragon (D:8)
  A vampire mosquito (D:8)
  2 water moccasins
  4 black bears
  An orc warrior (D:9)
  3 sky beasts
  An ogre (D:5)
  A centaur (D:6)
  A phantom (D:5)
  2 kobold brigands
  4 bullfrogs
  A scorpion (D:4)
  2 necrophages (D:5)
  3 killer bees (D:7)
  2 howler monkeys (D:7)
  A jelly (D:6)
  3 orc priests
  3 hounds
  A gnoll bouda (D:8)
  6 iguanas
  4 orc wizards
  4 gnolls (D:3)
  3 adders
  A shadow imp (D:6)
  An ufetubus (D:5)
  A worm (D:2)
  2 dart slugs
  20 orcs
  6 bats
  4 endoplasms
  4 giant cockroaches
  11 goblins
  11 hobgoblins
  6 jackals
  5 quokkas
  11 ball pythons
  4 frilled lizards
  15 kobolds
  4 rats
167 creatures vanquished.

Vanquished Creatures (others)
  18 plants (D:3)
  2 withered plants (D:6)
20 creatures vanquished.

Grand Total: 187 creatures vanquished

Notes
Turn   | Place    | Note
-------+----------+-------------------------------------------
     0 | D:1      | qw the Troll Cinder Acolyte began the quest for the Orb.
     0 | D:1      | Reached XP level 1. HP: 22/22 MP: 1/1
     0 | D:1      | 0 ||| qw: Version: 0.1-a-97-g2dd2ca4
     0 | D:1      | 0 ||| qw: Game counter: 4778
     0 | D:1      | 0 ||| qw: Always use a shield: true
     0 | D:1      | 0 ||| qw: God list: Okawaru
     0 | D:1      | 0 ||| qw: Allow faded altars: false
     0 | D:1      | 0 ||| qw: Do Orc after D:15 true
     0 | D:1      | 0 ||| qw: Do second Lair branch before Depths: true
     0 | D:1      | 0 ||| qw: Lair rune preference: random
     0 | D:1      | 0 ||| qw: Plans: Normal
     0 | D:1      | 0 ||| PLANNING D:1-11
   113 | D:1      | Reached XP level 2. HP: 27/29 MP: 2/2
   784 | D:1      | Reached skill level 4 in Unarmed Combat
   863 | D:1      | 863 ||| READING scroll labelled IVESYE LUNIC.
   864 | D:1      | 864 ||| READING 2 scrolls labelled LARGHE TAXKIV.
   865 | D:1      | 865 ||| READING 2 scrolls labelled UGIDOK NYCH.
   866 | D:1      | 866 ||| READING scroll labelled CUZIR CUXZEIC.
   867 | D:1      | 867 ||| DRINKING 2 brown potions.
   868 | D:1      | 868 ||| DRINKING 2 lumpy black potions.
   869 | D:1      | 869 ||| DROPPING scroll of noise.
   959 | D:2      | 959 ||| Stepping ~*~*~tactically~*~*~ (stealth).
   960 | D:2      | 960 ||| Stepping ~*~*~tactically~*~*~ (stealth).
   999 | D:2      | Reached XP level 3. HP: 35/36 MP: 3/3
  1038 | D:2      | 1038 ||| Stepping ~*~*~tactically~*~*~ (stealth).
  1048 | D:2      | 1048 ||| Stepping ~*~*~tactically~*~*~ (stealth).
  1150 | D:2      | Reached XP level 4. HP: 34/44 MP: 4/4
  1235 | D:2      | Reached skill level 5 in Unarmed Combat
  1253 | D:2      | 1253 ||| Stepping ~*~*~tactically~*~*~ (stealth).
  1254 | D:2      | 1254 ||| Stepping ~*~*~tactically~*~*~ (stealth).
  1255 | D:2      | 1255 ||| Stepping ~*~*~tactically~*~*~ (stealth).
  1256 | D:2      | 1256 ||| Stepping ~*~*~tactically~*~*~ (stealth).
  1366 | D:2      | 1366 ||| Stepping ~*~*~tactically~*~*~ (stealth).
  1797 | D:2      | 1797 ||| READING 3 scrolls of identify.
  1797 | D:2      | 1797 ||| IDENTIFYING sedimented blue potion
  1798 | D:2      | 1798 ||| READING 2 scrolls of identify.
  1798 | D:2      | 1798 ||| IDENTIFYING fizzy grey potion
  1799 | D:2      | 1799 ||| DROPPING potion of brilliance.
  1884 | D:3      | 1884 ||| Stepping ~*~*~tactically~*~*~ (hiding).
  1886 | D:3      | 1886 ||| Stepping ~*~*~tactically~*~*~ (hiding).
  1904 | D:3      | 1904 ||| Stepping ~*~*~tactically~*~*~ (stealth).
  1905 | D:3      | 1905 ||| Stepping ~*~*~tactically~*~*~ (stealth).
  1918 | D:3      | 1918 ||| Stepping ~*~*~tactically~*~*~ (stealth).
  1926 | D:3      | 1926 ||| Stepping ~*~*~tactically~*~*~ (stealth).
  1930 | D:3      | 1930 ||| Stepping ~*~*~tactically~*~*~ (stealth).
  1932 | D:3      | 1932 ||| Stepping ~*~*~tactically~*~*~ (hiding).
  1933 | D:3      | 1933 ||| Stepping ~*~*~tactically~*~*~ (hiding).
  1934 | D:3      | 1934 ||| Stepping ~*~*~tactically~*~*~ (hiding).
  1935 | D:3      | 1935 ||| INVOKING Fiery Armour.
  1945 | D:3      | Reached XP level 5. HP: 49/50 MP: 5/5
  1990 | D:3      | Reached skill level 6 in Unarmed Combat
  2031 | D:3      | Found an ornate altar of the Wu Jian Council.
  2159 | D:3      | 2159 ||| FLEEEEING.
  2160 | D:3      | 2160 ||| FLEEEEING.
  2161 | D:3      | 2161 ||| FLEEEEING.
  2162 | D:3      | 2162 ||| FLEEEEING.
  2163 | D:3      | 2163 ||| FLEEEEING.
  2164 | D:3      | 2164 ||| FLEEEEING.
  2166 | D:3      | 2166 ||| FLEEEEING.
  2167 | D:3      | 2167 ||| FLEEEEING.
  2173 | D:3      | 2173 ||| FLEEEEING.
  2180 | D:3      | 2180 ||| FLEEEEING.
  2181 | D:3      | 2181 ||| FLEEEEING.
  2483 | D:3      | 2483 ||| Stepping ~*~*~tactically~*~*~ (stealth).
  2494 | D:3      | 2494 ||| Stepping ~*~*~tactically~*~*~ (stealth).
  2495 | D:3      | 2495 ||| Stepping ~*~*~tactically~*~*~ (stealth).
  2496 | D:3      | 2496 ||| Stepping ~*~*~tactically~*~*~ (stealth).
  2499 | D:3      | 2499 ||| Stepping ~*~*~tactically~*~*~ (stealth).
  2510 | D:3      | Found a faded altar of an unknown god.
  2559 | D:3      | 2559 ||| Stepping ~*~*~tactically~*~*~ (stealth).
  2606 | D:3      | 2606 ||| UPGRADING to +0 cloak.
  2611 | D:3      | 2611 ||| UPGRADING to ring of resist corrosion.
  2612 | D:3      | 2612 ||| READING scroll labelled FIAVOVVU CAXOU.
  2613 | D:3      | 2613 ||| READING scroll labelled YGANLU KIUDD.
  2614 | D:3      | 2614 ||| DRINKING 2 fizzy sapphire potions.
  2615 | D:3      | 2615 ||| READING 4 scrolls of identify.
  2615 | D:3      | 2615 ||| IDENTIFYING green potion
  2616 | D:3      | 2616 ||| READING 3 scrolls of identify.
  2616 | D:3      | 2616 ||| IDENTIFYING blue potion
  2617 | D:3      | 2617 ||| READING 2 scrolls of identify.
  2617 | D:3      | 2617 ||| IDENTIFYING sedimented coppery potion
  2618 | D:3      | 2618 ||| DROPPING potion of lignification.
  2619 | D:3      | 2619 ||| DROPPING potion of berserk rage.
  2620 | D:3      | 2620 ||| DROPPING potion of ambrosia.
  2787 | D:4      | 2787 ||| Stepping ~*~*~tactically~*~*~ (outnumbered).
  2788 | D:4      | 2788 ||| Stepping ~*~*~tactically~*~*~ (outnumbered).
  2789 | D:4      | 2789 ||| Stepping ~*~*~tactically~*~*~ (outnumbered).
  2985 | D:4      | Reached XP level 6. HP: 52/59 MP: 6/6
  3294 | D:4      | 3294 ||| Stepping ~*~*~tactically~*~*~ (stealth).
  3330 | D:4      | Found Pamoddic's Vocational Training.
  3336 | D:4      | Reached skill level 7 in Unarmed Combat
  3458 | D:4      | 3458 ||| UPGRADING to ring of positive energy.
  3459 | D:4      | 3459 ||| READING scroll labelled UPHUIF XEZUA.
  3460 | D:4      | 3460 ||| READING 2 scrolls labelled TON ET SET.
  3463 | D:4      | 3463 ||| READING scroll labelled AVUSUODUARR.
  3519 | D:5      | Entered Level 5 of the Dungeon
  3519 | D:5      | Found a transporter.
  3521 | D:5      | Found a transporter.
  3652 | D:5      | 3652 ||| INVOKING Fiery Armour.
  3655 | D:5      | Reached skill level 8 in Unarmed Combat
  3655 | D:5      | Reached XP level 7. HP: 36/66 MP: 7/7
  3700 | D:5      | Found an opulent altar of Gozag.
  3770 | D:5      | Found an iron altar of Okawaru.
  3876 | D:5      | Reached skill level 3 in Fighting
  4019 | D:5      | 4019 ||| Stepping ~*~*~tactically~*~*~ (stealth).
  4021 | D:5      | 4021 ||| Stepping ~*~*~tactically~*~*~ (stealth).
  4029 | D:5      | Reached skill level 9 in Unarmed Combat
  4082 | D:5      | Found a glowing golden altar of the Shining One.
  4084 | D:5      | 4084 ||| Stepping ~*~*~tactically~*~*~ (outnumbered).
  4162 | D:5      | Reached skill level 1 in Throwing
  4162 | D:5      | Reached XP level 8. HP: 69/75 MP: 8/8
  4199 | D:5      | Reached skill level 1 in Dodging
  4293 | D:5      | 4293 ||| READING 2 scrolls of identify.
  4293 | D:5      | 4293 ||| IDENTIFYING amethyst potion
  4457 | D:5      | 4457 ||| READING 2 scrolls of teleportation.
  4458 | D:5      | 4458 ||| STAIRDANCE
  4536 | D:6      | 4536 ||| Stepping ~*~*~tactically~*~*~ (hiding).
  4720 | D:6      | Noticed Eustachio
  4724 | D:6      | 4724 ||| Stepping ~*~*~tactically~*~*~ (outnumbered).
  4751 | D:6      | 4751 ||| INVOKING Fiery Armour.
  4755 | D:6      | 4755 ||| Stepping ~*~*~tactically~*~*~ (outnumbered).
  4760 | D:6      | 4760 ||| Stepping ~*~*~tactically~*~*~ (outnumbered).
  4766 | D:6      | 4766 ||| FLEEEEING.
  4778 | D:6      | Killed Eustachio
  4843 | D:6      | Found a runed translucent door.
  4844 | D:6      | Noticed qw's ghost (novice TrCA)
  4853 | D:6      | Found a staircase to the Ecumenical Temple.
  4916 | D:6      | Reached skill level 10 in Unarmed Combat
  4954 | D:6      | 4954 ||| Stepping ~*~*~tactically~*~*~ (outnumbered).
  4956 | D:6      | 4956 ||| Stepping ~*~*~tactically~*~*~ (outnumbered).
  4957 | D:6      | 4957 ||| Stepping ~*~*~tactically~*~*~ (outnumbered).
  5021 | D:6      | Found Pong's Antique Armour Shop.
  5029 | D:6      | 5029 ||| BUYING shiny kite shield (180 gold).
  5029 | D:6      | Bought a shiny kite shield for 180 gold pieces
  5270 | D:6      | 5270 ||| UPGRADING to +2 kite shield of reflection.
  5275 | D:6      | 5275 ||| READING scroll labelled YBRYNE VEDGHUT.
  5276 | D:6      | 5276 ||| READING scroll labelled ROCWEUC BOMN.
  5276 | D:6      | Identified a scroll of acquirement
  5276 | D:6      | 5276 ||| ACQUIRING 576 gold pieces
  5276 | D:6      | Acquired 576 gold pieces
  5278 | D:6      | 5278 ||| READING 2 scrolls of teleportation.
  5347 | D:5      | 5347 ||| READING scroll of teleportation.
  5408 | D:6      | 5408 ||| Stepping randomly (stuck).
  5594 | D:5      | Found an ancient bone altar of Kikubaaqudgha.
  5629 | D:7      | 5629 ||| STAIRDANCE
  5640 | D:6      | Reached skill level 1 in Shields
  5780 | D:7      | 5780 ||| INVOKING Fiery Armour.
  5780 | D:7      | HP: 17/78 [poisoned by a killer bee]
  5781 | D:7      | 5781 ||| DRINKING 4 potions of heal wounds.
  5783 | D:7      | Reached skill level 3 in Shields
  5785 | D:7      | HP: 11/78 [poisoned by a killer bee]
  5789 | D:7      | HP: 5/78 [poisoned by a killer bee]
  5794 | D:7      | HP: 5/78 [poisoned by a killer bee]
  5910 | D:7      | 5910 ||| STAIRDANCE
  6054 | D:7      | Reached XP level 9. HP: 66/84 MP: 9/9
  6121 | D:7      | 6121 ||| Stepping ~*~*~tactically~*~*~ (outnumbered).
  6122 | D:7      | 6122 ||| Stepping ~*~*~tactically~*~*~ (outnumbered).
  6123 | D:7      | 6123 ||| Stepping ~*~*~tactically~*~*~ (outnumbered).
  6124 | D:7      | 6124 ||| Stepping ~*~*~tactically~*~*~ (outnumbered).
  6125 | D:7      | 6125 ||| Stepping ~*~*~tactically~*~*~ (outnumbered).
  6126 | D:7      | 6126 ||| Stepping ~*~*~tactically~*~*~ (outnumbered).
  6128 | D:7      | 6128 ||| Stepping ~*~*~tactically~*~*~ (outnumbered).
  6135 | D:7      | 6135 ||| Stepping ~*~*~tactically~*~*~ (stealth).
  6145 | D:7      | 6145 ||| Stepping ~*~*~tactically~*~*~ (stealth).
  6146 | D:7      | 6146 ||| Stepping ~*~*~tactically~*~*~ (stealth).
  6151 | D:7      | 6151 ||| Stepping ~*~*~tactically~*~*~ (hiding).
  6182 | D:7      | 6182 ||| DRINKING 2 potions of curing.
  6182 | D:7      | 6182 ||| (to cure confusion)
  6192 | D:7      | 6192 ||| DRINKING potion of curing.
  6192 | D:7      | 6192 ||| (to cure confusion)
  6270 | D:7      | Noticed qw's ghost (novice TrCA)
  6351 | D:7      | Found a runed translucent door.
  6443 | D:7      | Reached skill level 6 in Shields
  6667 | D:7      | 6667 ||| READING scroll of teleportation.
  6722 | D:8      | Noticed a kobold demonologist
  6722 | D:8      | Noticed a kobold demonologist
  6722 | D:8      | Noticed a kobold demonologist
  6723 | D:8      | 6723 ||| Stepping ~*~*~tactically~*~*~ (hiding).
  6725 | D:8      | 6725 ||| Stepping ~*~*~tactically~*~*~ (hiding).
  6733 | D:8      | 6733 ||| Stepping ~*~*~tactically~*~*~ (outnumbered).
  6734 | D:8      | 6734 ||| STAIRDANCE
  6737 | D:7      | Noticed an orange demon
  6739 | D:7      | Killed a kobold demonologist
  6775 | D:8      | 6775 ||| STAIRDANCE
  6776 | D:8      | Noticed a hellwing
  6778 | D:7      | Killed a kobold demonologist
  7084 | D:8      | 7084 ||| READING scroll of acquirement.
  7084 | D:8      | 7084 ||| ACQUIRING 813 gold pieces
  7084 | D:8      | Acquired 813 gold pieces
  7163 | D:8      | 7163 ||| Stepping ~*~*~tactically~*~*~ (stealth).
  7167 | D:8      | 7167 ||| Stepping ~*~*~tactically~*~*~ (stealth).
  7168 | D:8      | 7168 ||| Stepping ~*~*~tactically~*~*~ (outnumbered).
  7169 | D:8      | 7169 ||| Stepping ~*~*~tactically~*~*~ (outnumbered).
  7170 | D:8      | Noticed an orange demon
  7170 | D:8      | 7170 ||| INVOKING Fiery Armour.
  7171 | D:8      | Noticed a hellwing
  7172 | D:8      | 7172 ||| Stepping ~*~*~tactically~*~*~ (outnumbered).
  7174 | D:8      | 7174 ||| Stepping ~*~*~tactically~*~*~ (outnumbered).
  7177 | D:8      | 7177 ||| Stepping ~*~*~tactically~*~*~ (outnumbered).
  7182 | D:8      | HP: 19/84 [hellwing[a kobold demonologist] (10)]
  7183 | D:8      | 7183 ||| READING scroll of teleportation.
  7184 | D:8      | 7184 ||| DRINKING 3 potions of heal wounds.
  7187 | D:8      | 7187 ||| DRINKING 2 potions of heal wounds.
  7512 | D:8      | 7512 ||| Stepping ~*~*~tactically~*~*~ (stealth).
  7521 | D:8      | Noticed a hellwing
  7521 | D:8      | 7521 ||| INVOKING Fiery Armour.
  7522 | D:8      | Killed a kobold demonologist
  7526 | D:8      | 7526 ||| Stepping ~*~*~tactically~*~*~ (outnumbered).
  7529 | D:8      | 7529 ||| Stepping ~*~*~tactically~*~*~ (outnumbered).
  7530 | D:8      | 7530 ||| Stepping ~*~*~tactically~*~*~ (outnumbered).
  7535 | D:8      | 7535 ||| Stepping ~*~*~tactically~*~*~ (outnumbered).
  7539 | D:8      | 7539 ||| Stepping ~*~*~tactically~*~*~ (outnumbered).
  7540 | D:8      | 7540 ||| Stepping ~*~*~tactically~*~*~ (outnumbered).
  7574 | D:8      | Reached XP level 10. HP: 87/92 MP: 10/10
  7784 | D:8      | 7784 ||| Stepping ~*~*~tactically~*~*~ (stealth).
  7785 | D:8      | 7785 ||| Stepping ~*~*~tactically~*~*~ (stealth).
  7796 | D:8      | Found a shadowy altar of Dithmenos.
  8198 | D:8      | 8198 ||| UPGRADING to +0 steam dragon scales.
  8208 | D:8      | 8208 ||| DROPPING +0 robe.
  8209 | D:8      | 8209 ||| READING scroll labelled VUKHACH LEHO.
  8210 | D:8      | 8210 ||| DRINKING 2 bubbling pink potions.
  8211 | D:8      | 8211 ||| DRINKING 2 sapphire potions.
  8212 | D:8      | 8212 ||| READING 4 scrolls of identify.
  8212 | D:8      | 8212 ||| IDENTIFYING smoky white potion
  8213 | D:8      | 8213 ||| DROPPING potion of degeneration.
  8214 | D:8      | 8214 ||| DROPPING potion of attraction.
  8345 | D:9      | Reached skill level 1 in Armour
  8411 | D:9      | Noticed a two-headed ogre
  8416 | D:9      | 8416 ||| INVOKING Fiery Armour.
  8418 | D:9      | HP: 14/92 [two-headed ogre/+0 giant club (22)]
  8418 | D:9      | HP: 5/92 [two-headed ogre/+0 giant club (9)]
  8419 | D:9      | 8419 ||| READING scroll of teleportation.
  8419 | D:9      | Mangled by a two-headed ogre

Levels and vault maps discovered:
D:1:      minmay_arrival_doors, layout_loops_ring,
          chequers_serial_rivers_large_a
D:2:      layout_basic, guppyfry_early_orc_mine
D:3:      layout_basic, amcnicky_altar_gilded,
          hellmonk_ecumenical_altar_inner_sanctum, nicolae_grassy_gnolls
D:4:      corexii_shack_village, layout_cave_pods, nicolae_shop_vocational
D:5:      gammafunk_steamed_eel, layout_loops_cross,
          nicolae_overflow_hidden_temple, tso_altar, minmay_misc_feat_pillars
D:6:      layout_loops_ring, minmay_temple_entry_proselytizer,
          gammafunk_ghost_grave, serial_shops,
          nicolae_shop_competitors_out_of_business, uniq_eustachio
D:7:      layout_basic, hellmonk_ghost_happy_afterlife
D:8:      minmay_distorted_concentric_squares, layout_layer_cave,
          old_standard_altar, kennysheep_generic_room_16
D:9:      layout_roguey, dk_noncrumbling_2, corner_web_ring

Skill      XL: |  1  2  3  4  5  6  7  8  9 10 |
---------------+-------------------------------+-----
Unarmed Combat | 4 5 6 8 9 10 | 10.8
Fighting       | 3 4 |  4.1
Throwing       | 1 |  1.7
Dodging        | 1 |  1.2
Shields        | 4 8 |  8.1
Armour         | 1 |  1.5
Spellcasting   | |  1.0
Fire Magic     | |  2.1

Action                   |  1- 3 |  4- 6 |  7- 9 | 10-12 || total
-------------------------+-------+-------+-------+-------++-------
Melee: Unarmed           |    74 |   164 |   260 |    37 ||   535
       Punch             |     1 |     3 |     3 |       ||     7
Throw: Large rock        |     1 |       |       |       ||     1
       Boomerang         |       |     9 |    54 |     2 ||    65
Invok: Fiery Armour      |       |     2 |     4 |     1 ||     7
  Use: Scroll            |     4 |    10 |     9 |     3 ||    26
       Potion            |     2 |     1 |     5 |     2 ||    10
Armor: Robe              |    16 |    52 |   109 |       ||   177
       Steam dragon scal |       |       |       |    11 ||    11
Dodge: Dodged            |    23 |    55 |   105 |    11 ||   194
Block: Kite shield       |       |       |    55 |    14 ||    69
       Reflection        |       |       |     1 |       ||     1

Table legend:
 A = Non-vault XP
 B = Vault XP
 C = Vault XP percentage of total XP
 D = Non-vault monster count
 E = Vault monster count
 F = Vault count percentage of total count
                 A         B        C        D         E       F
            +---------+---------+-------+---------+---------+-------
      Total |    5310 |     793 |  13.0 |     140 |      27 |  16.2
            +---------+---------+-------+---------+---------+-------
        D:1 |      29 |       0 |   0.0 |      17 |       0 |   0.0
        D:2 |      92 |      16 |  14.8 |      25 |       7 |  21.9
        D:3 |      99 |      55 |  35.7 |      25 |       4 |  13.8
        D:4 |     141 |      21 |  13.0 |       8 |      10 |  55.6
        D:5 |    1025 |       0 |   0.0 |      17 |       0 |   0.0
        D:6 |     543 |     240 |  30.7 |      12 |       2 |  14.3
        D:7 |    1900 |       0 |   0.0 |      20 |       0 |   0.0
        D:8 |    1001 |     461 |  31.5 |      11 |       4 |  26.7
        D:9 |     480 |       0 |   0.0 |       5 |       0 |   0.0
            +---------+---------+-------+---------+---------+-------
